 Dungeon Crawl Stone Soup version 0.26-a0-682-g294304f6e8 (webtiles) character file.

Game seed: 17552898072040086823

7193 grandjackal the Fighter (level 10, 0/83 HPs)
             Began as a Demonspawn Gladiator on Oct 22, 2020.
             Was a High Priest of Okawaru.
             Slain by an ice dragon (7 damage)
             ... on level 9 of the Dungeon.
             The game lasted 00:09:56 (8961 turns).

grandjackal the Fighter (Demonspawn Gladiator)      Turns: 8961, Time: 00:09:59

Health: 0/83       AC:  9    Str: 16 (17) XL:     10   Next: 87%
Magic:  0/16       EV: 20    Int:  8 (10) God:    Okawaru [*****.]
Gold:   539        SH:  0    Dex: 13 (15) Spells: 9/9 levels left

rFire    . . .     SeeInvis .   a - +0 long sword
rCold    . . .     Faith    .   (no shield)
rNeg     + . .     Spirit   +   b - +0 leather armour
rPois    .         Reflect  .   G - +0 helmet (curse)
rElec    .         Harm     .   i - +0 cloak
rCorr    .         Rampage  .   k - +0 pair of gloves
MR       +....                  (boots unavailable)
Stlth    ++........             g - amulet of the acrobat
HPRegen  0.23/turn              q - ring of protection from magic
MPRegen  0.15/turn              y - ring of positive energy

@: about to teleport, heroism, stab, hasted, very quick
A: hooves 3, slimy green scales 1, powered by death 2, magic shield
a: Heroism, Finesse, Renounce Religion


You were on level 9 of the Dungeon.
You worshipped Okawaru.
Okawaru was extremely pleased with you.
You visited 1 branch of the dungeon, and saw 9 of its levels.
You also visited: Ossuary.

You collected 539 gold pieces.

Inventory:

Hand Weapons
 a - a +0 long sword (weapon)
 u - a +2 short sword of electrocution
 S - the +5 short sword "Spider's Peril" {protect, Str+5 Int+2}
   (You took it off an orc on level 9 of the Dungeon)

   It grants its wielder temporary protection when it strikes (+7 to AC).
   It affects your strength (+5).
   It affects your intelligence (+2).
Missiles
 d - 3 throwing nets (quivered)
 t - 10 javelins
Armour
 b - a +0 leather armour (worn)
 i - a +0 cloak (worn)
 k - a +0 pair of gloves (worn)
 x - the +3 chain mail of Louwir {rC++ rCorr Slay-5, unknown}
   (You found it on level 4 of the Dungeon)

   It affects your accuracy and damage with ranged weapons and melee attacks
   (-5).
   It greatly protects you from cold.
   It provides partial protection from all sources of acid and corrosion.
 G - a cursed +0 helmet (worn)
Jewellery
 g - an amulet of the acrobat (around neck)
 q - a ring of protection from magic (left hand)
 y - a ring of positive energy (right hand)
 A - a +6 ring of strength {unknown}
 E - a +6 ring of intelligence {unknown}
 K - an uncursed ring of see invisible {unknown}
Wands
 H - a wand of iceblast (11)
 N - a wand of enslavement (4)
 Q - a wand of random effects (19)
Scrolls
 e - 10 scrolls of remove curse {unknown}
 l - 6 scrolls of teleportation
 m - 2 scrolls of fog {unknown}
 n - 2 scrolls of identify {unknown}
 o - 3 scrolls of random uselessness {unknown}
 r - 2 scrolls of noise {unknown}
 s - a scroll of fear {unknown}
 C - 3 scrolls of immolation {unknown}
 D - 2 scrolls of enchant weapon {unknown}
 I - 3 scrolls of amnesia {unknown}
 O - a scroll of magic mapping {unknown}
 P - a scroll of vulnerability {unknown}
 R - a scroll of enchant armour {unknown}
Potions
 c - 4 potions of stabbing
 f - 2 potions of degeneration
 h - a potion of mutation {unknown}
 j - 2 potions of lignification {unknown}
 p - 2 potions of cancellation {unknown}
 v - 5 potions of haste
 w - 4 potions of curing
 z - a potion of berserk rage {unknown}
 F - 3 potions of resistance {unknown}
 J - 2 potions of might {unknown}
 L - 2 potions of brilliance {unknown}
 M - 2 potions of ambrosia {unknown}


   Skills:
 + Level 9.2(14.2) Fighting
 + Level 8.7(13.7) Long Blades
 - Level 1.7(6.7) Throwing
 + Level 8.7(13.7) Dodging
 + Level 8.5 Invocations


You had 9 spell levels left.
You didn't know any spells.
Your spell library contained the following spells:

 Spells                   Type           Power        Failure   Level
 Beastly Appendage        Tmut           #.....       45%         1
 Summon Small Mammal      Summ           #...         45%         1
 Call Imp                 Summ           #.......     61%         2
 Wereblood                Tmut           #.......     61%         2
 Call Canine Familiar     Summ           #.......     83%         3
 Spider Form              Tmut/Pois      #.........   83%         3
 Summon Guardian Golem    Hex/Summ       #.......     83%         3
 Ice Form                 Ice/Tmut       #.......     99%         4
 Summon Ice Beast         Ice/Summ       #.......     99%         4
 Summon Lightning Spire   Summ/Air       #.......     99%         4
 Blade Hands              Tmut           #.........   100%        5


Dungeon Overview and Level Annotations

Branches:
Dungeon (9/15)             Temple (0/1) D:7            Lair (0/6) D:8
Ossuary (visited)
    Orc: D:9-12

Altars:
Cheibriados
Dithmenos
Elyvilon
Fedhas
Hepliaklqana
Kikubaaqudgha
Nemelex Xobeh
Okawaru
Trog
Vehumet
Xom


Innate Abilities, Weirdness & Mutations

You have hooves in place of feet.
You are partially covered in slimy green scales. (AC +2)
You regenerate health from kills.
When hurt, damage is shared between your health and your magic reserves.


Message History

The ice dragon tramples you!
You hold your ground!
You hit the ice dragon but do no damage.
Your kick misses the ice dragon.
The ice dragon is moderately wounded.
As you read the scroll labeled PIPSUE ILESORU, it crumbles to dust.
You feel strangely unstable.
It was a scroll of teleportation.
The ice dragon bites you but does no damage.
The ice dragon barely misses you. The ice dragon tramples you.
You hold your ground!
You closely miss the ice dragon. Your kick misses the ice dragon.
The ice dragon is moderately wounded.
The boulder beetle bites you!
* * * LOW HITPOINT WARNING * * *
You hit the ice dragon but do no damage.
Your kick misses the ice dragon.
The ice dragon is moderately wounded.
The ice dragon bites you!
* * * LOW HITPOINT WARNING * * *
The ice dragon claws you!
You die...

###.........
#...........
#######.#.........
##.................
#..########'#......
#..#..#..#..#......
#..#..'$.#..#......
#..##D##+#'## ####.###
#..#8@# #..# ..
#..#B8# #..#. #
#..##'####'##.## #
#..#..'..').#..# #
#..#..#..#..#..# #
#..##########..# ##
#..............# #.
#.#.##<........######.
#..............(......


You could see an ice dragon and a boulder beetle.

Vanquished Creatures
  A two-headed ogre (D:9)
  A flayed ghost (D:9)
  A deep elf mage (D:9)
  Joseph (D:8)
  A hornet (D:9)
  11 yaks
  An ice beast (D:8)
  3 sky beasts
  4 black bears (D:8)
  4 phantoms
  3 centaurs
  A necrophage (D:7)
  An ogre (D:8)
  A big kobold (D:8)
  4 bullfrogs
  A water moccasin zombie (Ossuary)
  A wyvern zombie (D:7)
  5 scorpions
  3 killer bees (D:9)
  3 howler monkeys (D:9)
  A jelly (D:9)
  A centaur zombie (D:6)
  5 orc priests
  4 hounds
  2 bullfrog skeletons
  An iguana (D:7)
  8 orc wizards
  3 worker ants
  6 big kobold zombies (Ossuary)
  A hound zombie (D:9)
  A hound skeleton (D:8)
  3 mummies
  A worker ant zombie (D:6)
  7 gnolls
  8 adders
  2 shadow imps
  2 white imps
  An ufetubus (D:6)
  An ooze (D:3)
  6 adder zombies
  2 adder skeletons
  3 worms
  2 dart slugs
  2 leopard geckos
  32 orcs
  A ball python (D:6)
  5 giant cockroaches
  2 gnoll zombies (Ossuary)
  7 goblins
  6 hobgoblins
  3 jackals
  7 quokkas
  9 bats
  2 frilled lizards
  4 hobgoblin zombies (Ossuary)
  A jackal skeleton (D:5)
  12 kobolds
  A kobold zombie (Ossuary)
  A leopard gecko skeleton (D:8)
  5 orc zombies (Ossuary)
  A quokka skeleton (D:9)
  5 rats
228 creatures vanquished.

Vanquished Creatures (others)
  A hound skeleton (D:4)
  43 fungi
  37 plants
81 creatures vanquished.

Grand Total: 309 creatures vanquished

Notes
Turn   | Place    | Note
-------+----------+-------------------------------------------
     0 | D:1      | grandjackal the Demonspawn Gladiator began the quest for
                  | the Orb.
     0 | D:1      | Reached XP level 1. HP: 16/16 MP: 1/1
   199 | D:1      | Gained mutation: You have large cloven feet. [demonic
                  | ancestry]
   199 | D:1      | Reached XP level 2. HP: 20/22 MP: 2/2
   732 | D:2      | Found a shimmering altar of Xom.
   942 | D:2      | Gained mutation: When hurt, damage is shared between your
                  | health and your magic reserves. [demonic ancestry]
   942 | D:2      | Reached XP level 3. HP: 22/28 MP: 3/3
  1649 | D:3      | Reached skill level 3 in Fighting
  1655 | D:3      | Gained mutation: You are partially covered in slimy green
                  | scales. (AC +2) [demonic ancestry]
  1655 | D:3      | Reached XP level 4. HP: 33/35 MP: 4/4
  2001 | D:3      | Found a blossoming altar of Fedhas.
  2015 | D:3      | Found a sparkling altar of Nemelex Xobeh.
  2016 | D:3      | Found a shadowy altar of Dithmenos.
  2020 | D:3      | Gained mutation: You have hoof-like feet. [demonic
                  | ancestry]
  2020 | D:3      | Reached XP level 5. HP: 41/41 MP: 5/5
  2819 | D:4      | Reached skill level 4 in Fighting
  2819 | D:4      | Reached XP level 6. HP: 48/48 MP: 6/6
  2890 | D:4      | Found a white marble altar of Elyvilon.
  2923 | D:4      | Got a scorched chain mail
  2937 | D:4      | Found a snail-covered altar of Cheibriados.
  2999 | D:4      | Found a hazy altar of Hepliaklqana.
  3500 | D:4      | Gained mutation: You regenerate a little health from kills.
                  | [demonic ancestry]
  3500 | D:4      | Reached XP level 7. HP: 39/55 MP: 7/7
  3699 | D:5      | Entered Level 5 of the Dungeon
  3735 | D:5      | Reached skill level 5 in Fighting
  3735 | D:5      | Reached skill level 5 in Long Blades
  3844 | D:5      | Found a bloodstained altar of Trog.
  3916 | D:5      | Reached skill level 5 in Dodging
  5058 | D:6      | Found an iron altar of Okawaru.
  5191 | D:6      | Gained mutation: You have hooves in place of feet. [demonic
                  | ancestry]
  5191 | D:6      | Reached XP level 8. HP: 64/64 MP: 8/8
  5222 | D:6      | Found a sand-covered staircase.
  5230 | Ossuary  | Entered an ossuary
  5355 | Ossuary  | Reached skill level 6 in Fighting
  5576 | D:6      | Became a worshipper of Warmaster Okawaru
  5605 | D:6      | Reached skill level 1 in Invocations
  6525 | D:7      | Found a staircase to the Ecumenical Temple.
  6671 | D:7      | Reached * piety under Okawaru
  6678 | D:7      | Reached XP level 9. HP: 65/70 MP: 8/11
  6968 | D:8      | Reached skill level 7 in Fighting
  6991 | D:8      | Found a radiant altar of Vehumet.
  7022 | D:8      | Noticed Joseph
  7030 | D:8      | Killed Joseph
  7030 | D:8      | Reached skill level 5 in Invocations
  7047 | D:8      | Reached ** piety under Okawaru
  7313 | D:8      | Found a shadowy altar of Dithmenos.
  7454 | D:8      | Found an ancient bone altar of Kikubaaqudgha.
  7479 | D:8      | Found a staircase to the Lair.
  7957 | D:9      | Reached skill level 8 in Fighting
  8033 | D:9      | Gained mutation: You regenerate health from kills. [demonic
                  | ancestry]
  8033 | D:9      | Reached XP level 10. HP: 72/79 MP: 12/14
  8181 | D:9      | Reached *** piety under Okawaru
  8298 | D:9      | Noticed a two-headed ogre
  8310 | D:9      | Killed a two-headed ogre
  8333 | D:9      | Reached **** piety under Okawaru
  8400 | D:9      | Identified the +5 short sword "Spider's Peril" {protect,
                  | Str+5 Int+2}
  8485 | D:9      | Found a runed translucent door.
  8485 | D:9      | Noticed a deep elf mage
  8486 | D:9      | Noticed a flayed ghost
  8492 | D:9      | Killed a deep elf mage
  8492 | D:9      | Reached skill level 9 in Fighting
  8532 | D:9      | Killed a flayed ghost
  8793 | D:9      | Paralysed by a hornet for 1 turns
  8797 | D:9      | Reached ***** piety under Okawaru
  8938 | D:9      | Noticed an ice dragon
  8938 | D:9      | Noticed a boulder beetle
  8961 | D:9      | Slain by an ice dragon

Illustrated notes

Levels and vault maps discovered:
D:1:      wander_arrival_lonely_grave, layout_rooms
D:2:      layout_basic, old_standard_altar, minmay_misc_feat_diagonals
D:3:      layout_loops_ring, chequers_temple_overflow_statue_of_worship,
          fedhas_altar_3
D:4:      layout_cave_pools, lemuel_round_altar, nicolae_overflow_crystal_walls,
          elyvilon_altar_4
D:5:      layout_layer_cave, trog_book
D:6:      layout_basic, lemuel_doored_altar, gup_ossuary_entry_pyramid
D:7:      layout_cave_pools, minmay_temple_entry_antechambers
D:8:      layout_loops_ring, overflow_temple_1_default, vehumet_crystals,
          due_lair_maze_entry_diamond, nicolae_dithmenos_the_darkroom,
          uniq_joseph
D:9:      layout_rooms, minivault_13

Skill      XL: |  1  2  3  4  5  6  7  8  9 10 |
---------------+-------------------------------+-----
Long Blades    | 3 4 5 6 7 8 |  8.7
Dodging        | 3 4 5 6 7 8 |  8.7
Fighting       | 3 4 5 6 8 9 |  9.2
Invocations    | 3 6 8 |  8.5
Throwing       | |  1.7

Action                   |  1- 3 |  4- 6 |  7- 9 | 10-12 || total
-------------------------+-------+-------+-------+-------++-------
Melee: Long sword        |   102 |   159 |   426 |   126 ||   813
       Kick              |    18 |    43 |   186 |    61 ||   308
       Punch             |       |       |       |     8 ||     8
Invok: Heroism           |       |       |       |     2 ||     2
  Use: Potion            |       |       |       |     6 ||     6
       Scroll            |       |       |       |     1 ||     1
Armor: Leather armour    |    36 |    54 |    97 |    23 ||   210
Dodge: Dodged            |    92 |   122 |   297 |   109 ||   620
       Rpst.: Long sword |    30 |    35 |    85 |    38 ||   188

Table legend: (Time is in decaauts)
 A = Elapsed time spent in this place.
 B = Non-inter-level travel time spent in this place.
 C = Inter-level travel time spent in this place.
 D = Time resting spent in this place.
 E = Time spent auto-exploring this place.
 F = Levels seen in this place.
 G = Mean time per level.
                   A        B        C        D        E       F      G
               +--------+--------+--------+--------+--------+-----+--------+
         Total |   9037 |   8748 |    289 |   1722 |   5342 |  10 |  903.7 |
       Dungeon |   8778 |   8489 |    289 |   1722 |   5242 |   9 |  975.3 |
       Ossuary |    258 |    258 |      0 |      0 |    100 |   1 |  258.0 |
               +--------+--------+--------+--------+--------+-----+--------+

Top non-repeatable levels by time:
     D:5: 1319 daAuts
     D:3: 1189 daAuts
     D:6: 1023 daAuts
     D:8: 1015 daAuts
     D:9: 998 daAuts
     D:2: 990 daAuts
     D:4: 916 daAuts
     D:1: 678 daAuts
     D:7: 647 daAuts
 Ossuary: 258 daAuts
